AoeStats
← leopardopj

Arabia

506038089Analyzed
1v1 RM · 20d ago on Sep 12, 2026· 42m 55s· 2 players
Game mode
Random Map
Map size
Tiny (2 player)
Population
200
Speed
Normal
Resources
Standard
Victory
Conquest
Starting age
Dark Age
Ending age
Imperial Age
RankedLock teamsTeams togetherTeam positionsShared explorationLock speedFull tech treeHidden civsTurbo modeCheats
Victory
Defeat
🇺🇸 Japanese · United States
931
+14
🇲🇽 Hindustanis · Mexico
898
-14
leopardopj
6:02 Loom
11:16 Feudal Age
15:22 Town Watch
17:20 Wheelbarrow
18:26 Double-Bit Axe
23:11 Padded Archer Armor
25:08 Fletching
26:43 Horse Collar
30:27 Castle Age
30:55 Bloodlines
31:24 Forging
31:19 Scale Barding Armor
31:26 Husbandry
33:23 Scale Mail Armor
37:36 Elite Skirmisher
40:24 Chain Barding Armor
43:10 Town Patrol
CatGodMaster69
6:57 Loom
10:20 Feudal Age
10:57 Double-Bit Axe
11:25 Man-at-Arms
15:53 Wheelbarrow
15:23 Fletching
17:45 Horse Collar
23:23 Castle Age
22:18 Forging
22:14 Padded Archer Armor
24:05 Gold Mining
23:37 Crossbowman
25:46 Bodkin Arrow
26:27 Thumb Ring
26:53 Bow Saw
28:00 Ballistics
28:39 Forging
29:50 Bloodlines
30:43 Gold Shaft Mining
30:22 Husbandry
31:51 Iron Casting
34:13 Heavy Plow
Connection lost

Rejoining the realm…

Still unreachable

The connection could not be restored.

Session expired

The server has moved on; the page needs a fresh start.